 Seeded DCSS version 0.28.0 (webtiles) character file.

Game seed: 10852429698033405261 (custom seed)

29036 Buxparty the Carver (level 13, -5/85 HPs)
             Began as a Gargoyle Fighter on Feb 5, 2022.
             Was an Initiate of Gozag.
             Slain by a death yak (10 damage)
             ... on level 2 of the Lair of Beasts.
             The game lasted 00:46:44 (17173 turns).

Buxparty the Carver (Gargoyle Fighter)             Turns: 17173, Time: 00:46:45

Health: -5/85      AC: 28    Str: 30    XL:     13   Next: 42%
Magic:  13/13      EV: 15    Int: 13    God:    Gozag
Gold:   889        SH:  0    Dex:  9    Spells: 12/12 levels left

rFire   + + +      SeeInvis .   b - +8 triple sword (flame)
rCold   . . .      Faith    .   (shield currently unavailable)
rNeg    + + .      Spirit   .   n - +4 fire dragon scales
rPois   ∞          Reflect  .   (no helmet)
rElec   +          Harm     .   G - +0 cloak
rCorr   .          Rampage  .   N - +2 pair of gloves "Tityzau" {rN+ Int+3}
Will    .....                   (no boots)
Stlth   ..........              (no amulet)
HPRegen 0.24/turn               f - ring of protection from cold
MPRegen 0.13/turn               g - ring of Bakiurgh {rF+ EV+4 Str+6}

@: gold aura
A: sickness immunity, AC +9, negative energy resistance 1, electricity
resistance, torment resistance 1, petrification resistance, wild magic 1
a: Renounce Religion, Potion Petition, Call Merchant, Bribe Branch


You were on level 2 of the Lair of Beasts.
You worshipped Gozag.
Gozag was pleased with you.
You visited 3 branches of the dungeon, and saw 16 of its levels.
You also visited: Bailey.

You collected 2824 gold pieces.
You spent 641 gold pieces at shops.
You paid 1294 gold pieces to Gozag.

Inventory:

Hand Weapons
 a - a +1 long sword of venom
 b - a +8 triple sword of flaming (weapon)
Missiles
 m - 5 atropa-tipped darts (quivered)
Armour
 c - a +0 buckler
 e - a scarf of repulsion
 l - a scarf of invisibility
 n - +4 fire dragon scales (worn)
 o - the +18 Lear's hauberk
   (You acquired it on level 9 of the Dungeon)
 G - a +0 cloak (worn)
 N - the +2 pair of gloves "Tityzau" (worn) {rN+ Int+3}
   (You bought it in a shop on level 11 of the Dungeon)

   Int:       It affects your intelligence (+3).
   rN:        It protects you from negative energy.
Jewellery
 f - a ring of protection from cold (left hand)
 g - the ring of Bakiurgh (right hand) {rF+ EV+4 Str+6}
   (You acquired it on level 2 of the Dungeon)

   [ring of evasion]

   EV:        It affects your evasion (+4).
   Str:       It affects your strength (+6).
   rF:        It protects you from fire.
 p - a ring of ice
Wands
 h - a wand of digging (8)
 r - a wand of iceblast (11)
 x - a wand of flame (31)
 C - a wand of charming (6)
 K - a wand of mindburst (10)
Scrolls
 i - 2 scrolls of holy word
 j - a scroll of blinking
 k - 3 scrolls of brand weapon
 q - a scroll of amnesia
 y - 3 scrolls of fear
 A - a scroll of summoning
 B - 8 scrolls of teleportation
 F - 2 scrolls of magic mapping
Potions
 d - 4 potions of might
 s - a potion of haste
 t - a potion of cancellation
 u - a potion of magic
 v - 2 potions of curing
 H - a potion of ambrosia
 J - a potion of attraction
 L - 4 potions of brilliance
 M - a potion of heal wounds


   Skills:
 + Level 11.9 Fighting
 * Level 12.8 Long Blades
 - Level 7.1 Armour
 - Level 5.3 Dodging
 - Level 9.6 Shields
 - Level 7.9 Evocations


You had 12 spell levels left.
You didn't know any spells.
Your spell library contained the following spells:

 Spells                   Type           Power      Damage    Failure   Level
 Magic Dart               Conj           0%         1d3       65%         1
 Shock                    Conj/Air       0%         1d3       65%         1
 Slow                     Hex            0%         N/A       65%         1
 Sting                    Tmut/Pois      0%         1d3       65%         1
 Blink                    Tloc           0%         N/A       78%         2
 Poisonous Vapours        Pois/Air       0%         N/A       78%         2
 Searing Ray              Conj           0%         2d4       78%         2
 Wereblood                Tmut           0%         N/A       78%         2
 Confusing Touch          Hex            0%         N/A       94%         3
 Conjure Flame            Conj/Fire      0%         6-21      94%         3
 Gell's Gravitas          Tloc           0%         N/A       94%         3
 Ignite Poison            Fire/Tmut/Pois 0%         N/A       94%         3
 Lesser Beckoning         Tloc           0%         N/A       94%         3
 Ozocubu's Armour         Ice            0%         N/A       94%         3
 Swiftness                Air            0%         N/A       94%         3
 Teleport Other           Tloc           0%         N/A       94%         3
 Vampiric Draining        Necr           0%         2d6       94%         3
 Airstrike                Air            0%         N/A       100%        4
 Fulminant Prism          Conj/Hex       0%         3d6       100%        4
 Iskenderun's Mystic Bla  Conj/Tloc      0%         2d3       100%        4
 Olgreb's Toxic Radiance  Pois           0%         N/A       100%        4
 Petrify                  Tmut/Erth      0%         N/A       100%        4
 Sticky Flame             Conj/Fire      0%         2d3       100%        4
 Fireball                 Conj/Fire      0%         3d3       100%        5
 Iskenderun's Battlesphe  Conj           0%         2d6       100%        5
 Lee's Rapid Deconstruct  Erth           0%         3d5*      100%        5
 Manifold Assault         Tloc           0%         N/A       100%        5
 Metabolic Englaciation   Hex/Ice        0%         N/A       100%        5
 Conjure Ball Lightning   Conj/Air       0%         3x3d6     100%        6
 Dispersal                Tloc           0%         N/A       100%        6
 Simulacrum               Ice/Necr       0%         N/A       100%        6
 Orb of Destruction       Conj           0%         9d5       100%        7
 Storm Form               Tmut/Air       0%         N/A       100%        7
 Summon Hydra             Summ           0%         N/A       100%        7
 Sublimation of Blood     Necr           Unusable   N/A       N/A         2
 Statue Form              Tmut/Erth      Unusable   N/A       N/A         6

Dungeon Overview and Level Annotations

Branches:
Dungeon (12/15)            Temple (1/1) D:4            Lair (3/6) D:11
  Snake (0/4) Lair:2          Orc (0/2) D:11         Bailey (visited)
  Swamp: Lair:2-4    Shoals: Lair:2-4

Altars:
Ashenzari
Cheibriados
Dithmenos
Elyvilon
Fedhas
Gozag
Hepliaklqana
Kikubaaqudgha
Makhleb
Nemelex Xobeh
Okawaru
Qazlal
Ru
Sif Muna
Trog
Uskayaw
Vehumet
Wu Jian
Xom
Yredelemnul
Zin
The Shining One

Shops:
D:3 (   D:11 *[

Annotations:
D:4 1 runed translucent door, Zerd's ghost, amateur DESu


Innate Abilities, Weirdness & Mutations

You are immune to sickness and miasma.
Your stone body is resilient. (AC +9)
You are immune to poison.
You resist negative energy. (rN+)
You are resistant to electric shocks. (rElec)
You are resistant to unholy torment.
You are immune to petrification.
Your spells are a little harder to cast, but a little more powerful.


Message History

You hit the death yak. You burn the death yak.
The death yak is lightly wounded.
The death yak gores you.
There is a stone staircase leading up here.
You can't go down here!
Unknown command.
The death yak gores you but does no damage.
The death yak is distracted by your dazzling golden aura.
The death yak bellows!
You climb upwards.
There is a stone staircase leading down here.
You hit the death yak. You burn the death yak.
The death yak is no longer distracted by gold.
The death yak is lightly wounded.
The death yak gores you but does no damage. x2
The death yak gores you!
You slice the death yak!! You burn the death yak.
The death yak is moderately wounded.
The death yak gores you! The death yak barely misses you. x2
You slash the death yak! You burn the death yak.
The death yak is heavily wounded.
The death yak gores you but does no damage. x2
You slash the death yak! You burn the death yak.
The death yak is severely wounded.
The death yak gores you. The death yak gores you!!
You hit the death yak. You burn the death yak.
The death yak is almost dead.
The death yak closely misses you.
The death yak gores you but does no damage.
You hit the death yak but do no damage.
The death yak is almost dead.
The death yak barely misses you. The death yak gores you!
* * * LOW HITPOINT WARNING * * *
You hit the death yak. You burn the death yak.
The death yak is almost dead.
The death yak barely misses you. The death yak gores you!!
* * * LOW HITPOINT WARNING * * *
The death yak gores you!
You die...
Your body crumbles into a pile of gold.

#### ##### ###### ###..#####...#
#..PP#### ##.#....##.....
#.....#.########..............
##...........##P...............
###...........##.................
.#.#.............................
#.#............Y...........)..)..
....(...........@................
.................Y...............
.................................
.................................
.................................
.................................
.................................
....................^............
.................................


You could see 2 death yaks.

Vanquished Creatures
  2 boulder beetles (D:9)
  2 hydras (D:11)
  Erica (D:9)
  A death knight (D:11)
  2 two-headed ogres
  A death yak (Lair:3)
  A skeletal warrior (D:11)
  2 wizards
  A deep elf pyromancer (D:9)
  An oklob plant (D:9)
  A cyclops (D:12)
  Joseph (D:7)
  4 gargoyles
  5 cane toads
  3 rime drakes (D:9)
  2 komodo dragons (Lair:1)
  A troll (D:11)
  4 slime creatures
  Prince Ribbit (D:9)
  2 polar bears
  3 blink frogs (Lair:2)
  43 yaks
  2 fire elementals (D:9)
  2 shadows
  A vampire (D:9)
  3 wyverns
  4 wraiths
  4 steam dragons
  A basilisk (Lair:1)
  A vampire mosquito (D:11)
  2 nagas (Lair:2)
  2 acid dragons
  3 water moccasins
  13 orc warriors
  2 sky beasts
  2 black bears
  A necrophage (D:6)
  7 centaurs
  2 kobold brigands
  Blork the orc (D:5)
  A gnoll sergeant (D:9)
  5 bullfrogs
  A scorpion (D:6)
  A water moccasin zombie (D:5)
  4 killer bees (D:9)
  A water moccasin skeleton (D:4)
  4 wights (D:10)
  7 electric eels (D:7)
  5 howler monkeys
  4 centaur zombies
  A hound (D:6)
  5 orc priests
  A centaur skeleton (D:4)
  An iguana (D:6)
  6 orc wizards
  2 killer bee zombies
  A hound skeleton (D:4)
  3 howler monkey zombies
  3 gnolls (D:9)
  3 adders (D:2)
  2 white imps
  An ufetubus (D:6)
  4 worms (D:2)
  2 dart slugs (D:4)
  30 orcs
  6 endoplasms
  2 giant cockroaches
  9 goblins
  11 hobgoblins
  8 jackals
  6 quokkas
  6 ball pythons
  6 bats
  2 frilled lizards
  15 kobolds
  7 rats
313 creatures vanquished.

Vanquished Creatures (others)
  An orc priest (D:6)
  An orc (D:6)
  8 fungi (D:9)
  38 plants
48 creatures vanquished.

Grand Total: 361 creatures vanquished

Notes
Turn   | Place    | Note
-------+----------+-------------------------------------------
     0 | D:1      | Buxparty the Gargoyle Fighter began the quest for the Orb.
     0 | D:1      | Reached XP level 1. HP: 14/14 MP: 1/1
   104 | D:1      | Reached skill level 2 in Long Blades
   131 | D:1      | Reached XP level 2. HP: 19/19 MP: 2/2
   842 | D:1      | Reached XP level 3. HP: 21/23 MP: 3/3
  1083 | D:2      | Found a faded altar of an unknown god.
  1360 | D:2      | Reached XP level 4. HP: 29/29 MP: 4/4
  1394 | D:2      | Reached skill level 3 in Long Blades
  1763 | D:2      | Identified a scroll of acquirement
  1763 | D:2      | Acquired the ring of Bakiurgh {rF+ EV+4 Str+6}
  1919 | D:3      | Found Yckealav's Antique Weapon Shoppe.
  2545 | D:4      | Reached skill level 1 in Evocations
  2545 | D:4      | Reached XP level 5. HP: 33/33 MP: 5/5
  2583 | D:4      | Reached XP level 6. HP: 39/39 MP: 6/6
  2588 | D:4      | Reached skill level 4 in Long Blades
  2863 | D:4      | Found a staircase to the Ecumenical Temple.
  2875 | Temple   | Entered the Ecumenical Temple
  3099 | Temple   | Became a worshipper of Gozag Ym Sagoz the Greedy
  3307 | D:4      | Found a runed translucent door.
  3308 | D:4      | Noticed Zerd's ghost (amateur DESu)
  3486 | D:4      | Noticed an orc warrior
  3499 | D:4      | Killed an orc warrior
  3505 | D:4      | Reached XP level 7. HP: 22/44 MP: 7/7
  3993 | D:5      | Entered Level 5 of the Dungeon
  4082 | D:5      | Reached skill level 5 in Fighting
  4096 | D:5      | Reached skill level 5 in Shields
  4279 | D:5      | Noticed Blork the orc
  4288 | D:5      | Killed Blork the orc
  4377 | D:5      | Reached skill level 5 in Long Blades
  4754 | D:6      | Reached XP level 8. HP: 49/50 MP: 8/8
  5505 | D:6      | Found an iron altar of Okawaru.
  5592 | D:6      | Noticed a two-headed ogre
  5593 | D:6      | Noticed a boulder beetle
  5890 | D:7      | Reached skill level 6 in Long Blades
  6183 | D:7      | Noticed a wyvern
  6189 | D:7      | Killed a wyvern
  6543 | D:7      | Reached XP level 9. HP: 56/56 MP: 9/9
  6724 | D:7      | Noticed Joseph
  6735 | D:7      | Killed Joseph
  6736 | D:7      | Reached skill level 7 in Long Blades
  7167 | D:7      | Gained mutation: Your spells are a little harder to cast,
                  | but a little more powerful. [potion of mutation]
  7251 | D:8      | Reached skill level 5 in Evocations
  7258 | D:8      | Reached skill level 8 in Long Blades
  7445 | D:8      | Found a bloodstained altar of Trog.
  7578 | D:8      | Identified the +2 ring mail of Podie {rC+}
  7595 | D:8      | Reached XP level 10. HP: 63/63 MP: 10/10
  7914 | D:9      | Found an ornate altar of the Wu Jian Council.
  7938 | D:9      | Reached skill level 1 in Dodging
  8276 | D:9      | Noticed a deep elf pyromancer
  8284 | D:9      | Killed a deep elf pyromancer
  8863 | D:9      | Noticed a boulder beetle
  8863 | D:9      | Noticed a gargoyle
  8892 | D:9      | HP: 1/64 [boulder beetle (21)]
  9016 | D:9      | Reached skill level 5 in Armour
  9084 | D:9      | Noticed a boulder beetle
  9109 | D:9      | Killed a boulder beetle
  9270 | D:9      | Noticed Erica
  9283 | D:9      | Killed Erica
  9284 | D:9      | Reached XP level 11. HP: 60/69 MP: 11/11
  9342 | D:9      | Acquired the +18 Lear's hauberk
  9342 | D:9      | Found the +18 Lear's hauberk
  9507 | D:9      | Killed a boulder beetle
  9508 | D:9      | Reached skill level 9 in Long Blades
  9863 | D:9      | Noticed Prince Ribbit
  9882 | D:9      | Killed Prince Ribbit
 10360 | D:9      | Found a blossoming altar of Fedhas.
 10377 | D:9      | Noticed an oklob plant
 10407 | D:9      | Killed an oklob plant
 10876 | D:10     | Entered Level 10 of the Dungeon
 11159 | D:10     | Found a flagged portal.
 11181 | Bailey   | Entered a bailey
 11764 | Bailey   | Noticed an orc knight
 11764 | Bailey   | Noticed an orc knight
 11800 | D:10     | Acquired a +5 triple sword of flaming
 12027 | D:10     | Noticed a wizard
 12031 | D:10     | Killed a wizard
 12032 | D:10     | Reached XP level 12. HP: 76/76 MP: 12/12
 12362 | D:11     | Noticed a two-headed ogre
 12476 | D:11     | Killed a two-headed ogre
 12477 | D:11     | Reached skill level 10 in Long Blades
 12988 | D:11     | Noticed a death knight
 12997 | D:11     | Killed a death knight
 12998 | D:11     | Reached skill level 10 in Fighting
 13210 | D:11     | Found a staircase to the Orcish Mines.
 13242 | D:11     | Reached skill level 5 in Dodging
 13249 | D:11     | Noticed a six-headed hydra
 13255 | D:11     | Killed a three-headed hydra
 13469 | D:11     | Found a staircase to the Lair.
 14452 | D:12     | Noticed a two-headed ogre
 14455 | D:12     | Reached skill level 11 in Long Blades
 14460 | D:12     | Killed a two-headed ogre
 14766 | Lair:1   | Entered Level 1 of the Lair of Beasts
 14772 | D:11     | Bought the +2 pair of gloves "Tityzau" {rN+ Int+3} for 416
                  | gold pieces
 14818 | D:11     | Bought a translucent scale mail for 225 gold pieces
 14818 | D:11     | Identified the +0 scale mail of the Slug {rN+ Str+4 Slay+2}
                  | (You bought it in a shop on level 11 of the Dungeon)
 15034 | Lair:1   | Noticed an eight-headed hydra
 15053 | D:11     | Killed a five-headed hydra
 15227 | Lair:1   | Reached XP level 13. HP: 84/84 MP: 13/13
 15387 | Lair:1   | Reached skill level 12 in Long Blades
 16841 | Lair:2   | Found a staircase to the Snake Pit.
 17173 | Lair:2   | Slain by a death yak

Illustrated notes

Levels and vault maps discovered:
D:1:      lightli_arrival_boilingwater, layout_loops_ring
D:2:      layout_rooms, basic_ecumenical_altar
D:3:      layout_rooms, serial_shops, nicolae_square_shop
D:4:      layout_layer_cave, minmay_temple_entry_sparse_star,
          ebering_ghost_inner_flame, minmay_misc_feat_four_crosses,
          palyth_stone_intersect, minmay_misc_feat_room, guppyfry_early_orc_mine
D:5:      layout_loops_ring, hex_tiny, uniq_blork_the_orc
D:6:      nicolae_cairo_tiling_large, layout_basic,
          mainiacjoe_overflow_concentric_impassable, lightli_corner_chamber
D:7:      layout_basic, serial_bayou, serial_bayou_pond_c, serial_bayou_pond_c,
          serial_bayou_lagoon_b, serial_bayou_lagoon_a, uniq_joseph
D:8:      layout_rooms, lemuel_round_altar, nicolae_underground_beach
D:9:      layout_basic, mainiacjoe_overflow_tiny_flanked, tgw_fedhas,
          st_stairs_1, dilly_guarded_unrand_elemental_staff, uniq_erica,
          uniq_prince_ribbit1
D:10:     layout_irregular_city, enter_bailey_5, minmay_misc_feat_encased,
          kennysheep_decorative_pillar, minmay_librarian
D:11:     minmay_thick_lines, layout_cave_pools, orc_0_dummy,
          minmay_misc_feat_iff
D:12:     layout_long_grid, serial_co_window_serial, co_window_corner_a,
          co_window_corner_a, co_window_paths_a, co_window_of_opportunity_a,
          co_window_paths_a, co_window_cross_4, co_window_of_opportunity_c,
          co_window_corner_cb, co_window_corner_b, co_window_broadway_a,
          co_window_broadway_a, co_window_broadway_a, co_window_4corner_a
Temple:   eino_narrow_crystal_temple
Lair:1:   layout_layer_cave
Lair:2:   layout_cave_shapes, guppyfry_snake_entry_island
Lair:3:   layout_long_grid, minmay_shoals_entry_beasts, minmay_holes,
          lemuel_fruit_fields, infiniplex_staircase_pool_2

Skill      XL: |  1  2  3  4  5  6  7  8  9 10 11 12 13 |
---------------+----------------------------------------+-----
Long Blades    | 2 3 4 5 6 8 9 11 12 | 12.8
Shields        | 4 5 6 7 8 9 |  9.6
Fighting       | 4 5 6 7 8 9 11 | 11.9
Evocations     | 1 2 3 4 5 6 7 |  7.9
Dodging        | 3 4 5 |  5.3
Armour         | 5 6 7 |  7.1

Action                   |  1- 3 |  4- 6 |  7- 9 | 10-12 | 13-15 || total
-------------------------+-------+-------+-------+-------+-------++-------
Melee: Long sword        |   130 |   185 |   241 |   457 |       ||  1013
       Triple sword      |       |       |       |   169 |   114 ||   283
Throw: Throwing net      |       |       |       |     1 |       ||     1
Invok: Call Merchant     |       |       |       |     2 |       ||     2
  Use: Scroll            |       |     5 |     5 |    13 |     1 ||    24
       Potion            |       |       |     9 |     4 |       ||    13
 Stab: Distracted        |       |       |       |     1 |       ||     1
Armor: Scale mail        |   103 |       |       |       |       ||   103
       Fire dragon scale |     3 |    59 |   110 |    93 |    63 ||   328
       Chain mail        |       |       |       |   226 |       ||   226
Dodge: Dodged            |    71 |   119 |   121 |   396 |    79 ||   786
       Repelled          |       |     2 |     2 |       |       ||     4
Block: Buckler           |    23 |    29 |    60 |   105 |       ||   217
